[Event "ICC tourney 1955 (60 10)"]
[Site "Internet Chess Club"]
[Date "2020.08.08"]
[Round "6"]
[White "smilingfloor"]
[Black "i2good4u734"]
[Result "1/2-1/2"]
[ICCResult "Game drawn by mutual agreement"]
[WhiteElo "1944"]
[BlackElo "2064"]
[Opening "Pirc: classical, h3 system"]
[ECO "B08"]
[NIC "PU.10"]
[Time "18:37:22"]
[TimeControl "3600+10"]

1. e4 d6 2. d4 Nf6 3. Nc3 g6 4. Nf3 Bg7 5. h3 O-O 6. Be3 c6 7. Bd3 Nbd7 8.
O-O e5 9. dxe5 dxe5 10. Qd2 Qe7 11. Bh6 Nc5 12. Bxg7 Kxg7 13. Qe2 Nh5 14.
Qe3 Rd8 15. Ne2 Nf4 16. Nxf4 exf4 17. Qxf4 Nxd3 18. cxd3 Rxd3 19. Rad1 Rxd1
20. Rxd1 Be6 21. a3 Rd8 22. Rxd8 Qxd8 23. Qe3 a5 24. Qc3+ Kg8 25. Nd4 Bd7
26. Qc5 Qf6 27. e5 Qf4 28. Qd6 Qc1+ 29. Kh2 Qf4+ 30. Kg1 Qc1+ 31. Kh2 Qf4+
{Game drawn by mutual agreement}
1/2-1/2

[Event "ICC tourney 1955 (60 10)"]
[Site "Internet Chess Club"]
[Date "2020.08.08"]
[Round "6"]
[White "andrewjiang2"]
[Black "hursha6b5"]
[Result "1-0"]
[ICCResult "Black resigns"]
[WhiteElo "2080"]
[BlackElo "1906"]
[Opening "Sicilian"]
[ECO "B50"]
[NIC "SI.01"]
[Time "18:37:32"]
[TimeControl "3600+10"]

1. e4 c5 2. Nf3 d6 3. c3 Nf6 4. Bd3 e6 5. Bc2 b6 6. d4 cxd4 7. cxd4 Bb7 8.
Nc3 Nbd7 9. O-O Be7 10. Re1 O-O 11. h3 h6 12. Bf4 a6 13. e5 dxe5 14. dxe5
Nd5 15. Nxd5 Bxd5 16. Qd3 f5 17. exf6 Nxf6 18. Be5 Bxf3 19. Qxf3 Qd5 20. Qg3
Rac8 21. Qg6 Bc5 22. Bxf6 Bxf2+ 23. Kh1 Rxf6 24. Qh7+ Kf7 25. Bb3 Bxe1 26.
Bxd5 Rf1+ 27. Kh2 Bg3+ 28. Kxg3 Rxa1 29. Qf5+ Ke7 30. Qxe6+ Kd8 31. Qd6+ Ke8
32. Be4 Kf7 33. Bg6+ Kg8 34. Qe6+ {Black resigns} 1-0

[Event "ICC tourney 1955 (60 10)"]
[Site "Internet Chess Club"]
[Date "2020.08.08"]
[Round "6"]
[White "JadenShaw"]
[Black "HR2005"]
[Result "1-0"]
[ICCResult "Black resigns"]
[WhiteElo "1881"]
[BlackElo "2066"]
[Opening "Sicilian: Najdorf variation"]
[ECO "B98"]
[NIC "SI.09"]
[Time "18:37:33"]
[TimeControl "3600+10"]

1. e4 c5 2. Nf3 d6 3. d4 cxd4 4. Nxd4 Nf6 5. Nc3 a6 6. Bg5 e6 7. f4 Be7 8.
Qf3 Qc7 9. O-O-O h6 10. Bh4 Nbd7 11. Bd3 g5 12. fxg5 Ne5 13. Qe2 Nfg4 14. h3
hxg5 15. Bg3 Nf6 16. Nf3 Nfd7 17. Nxe5 Nxe5 18. Bxe5 dxe5 19. Rhf1 Bd7 20.
Qf2 Rf8 21. Kb1 O-O-O 22. Qe2 Kb8 23. Rf3 Bb4 24. Bc4 Bc6 25. a3 Ba5 26.
Rdf1 Rde8 27. b4 Bb6 28. Rf6 Bd4 29. Nd1 a5 30. c3 Bb6 31. b5 Bd7 32. Rxf7
Rxf7 33. Rxf7 Qd6 34. Qd3 Qxd3+ 35. Bxd3 Rd8 36. Kc2 Be8 37. Rg7 Bc5 38. a4
Bh5 39. g4 Be8 40. Rxg5 Bd6 41. Rg8 Kc7 42. h4 Kd7 43. h5 Ke7 44. h6 Kf7 45.
h7 {Black resigns} 1-0

[Event "ICC tourney 1955 (60 10)"]
[Site "Internet Chess Club"]
[Date "2020.08.08"]
[Round "6"]
[White "sirking2800"]
[Black "clydedrexler22"]
[Result "0-1"]
[ICCResult "White resigns"]
[WhiteElo "1998"]
[BlackElo "1930"]
[Opening "Sicilian: Taimanov (Bastrikov) variation"]
[ECO "B47"]
[NIC "SI.40"]
[Time "18:37:28"]
[TimeControl "3600+10"]

1. e4 c5 2. Nf3 e6 3. d4 cxd4 4. Nxd4 Nc6 5. Nc3 Qc7 6. Be2 a6 7. a3 Nf6 8.
O-O Nxd4 9. Qxd4 Bc5 10. Qd3 b5 11. Kh1 Bb7 12. f4 d5 13. exd5 Nxd5 14. Ne4
Be7 15. f5 O-O 16. Ng5 Bxg5 17. Bxg5 f6 18. Bh4 Nf4 19. Rxf4 Qxf4 20. Bg3
Qxf5 21. Qd2 Qd5 22. Bd3 e5 23. Re1 Rad8 24. Qe2 e4 25. Bxe4 Qxe4 26. Qxe4
Bxe4 27. Rxe4 Rd1+ 28. Re1 Rfd8 29. Kg1 Rxe1+ 30. Bxe1 Rd1 31. Kf2 Rc1 32.
Bc3 Rxc2+ 33. Kf3 Kf7 34. h4 h5 35. g3 a5 36. Ke3 a4 37. Kd4 Rg2 38. Kc5
Rxg3 39. Kxb5 Rg4 40. Be1 Ke6 41. Kc5 g5 42. hxg5 fxg5 {White resigns} 0-1

[Event "ICC tourney 1955 (60 10)"]
[Site "Internet Chess Club"]
[Date "2020.08.08"]
[Round "6"]
[White "kwen2008"]
[Black "natez"]
[Result "0-1"]
[ICCResult "White checkmated"]
[WhiteElo "1676"]
[BlackElo "1874"]
[Opening "QGD: exchange, positional line"]
[ECO "D35"]
[NIC "QO.16"]
[Time "18:37:43"]
[TimeControl "3600+10"]

1. d4 d5 2. c4 e6 3. Nc3 Nf6 4. cxd5 exd5 5. Bg5 Be7 6. Qc2 O-O 7. e3 c6 8.
Bd3 h6 9. Bh4 Re8 10. Nf3 Ne4 11. Bxe7 Qxe7 12. O-O Nd7 13. Nd2 f5 14. Ndxe4
fxe4 15. Be2 Qg5 16. b4 Nf6 17. g3 a6 18. a4 Bh3 19. Rfc1 Rf8 20. b5 Ng4 21.
Bxg4 Bxg4 22. bxc6 Bf3 23. Qd2 Qh5 24. Qe1 bxc6 25. Rc2 Rf5 26. Ne2 Qxh2+
27. Kxh2 Rh5+ 28. Kg1 Rh1# {White checkmated} 0-1

[Event "ICC tourney 1955 (60 10)"]
[Site "Internet Chess Club"]
[Date "2020.08.08"]
[Round "6"]
[White "liguowh"]
[Black "OneEverest"]
[Result "1-0"]
[ICCResult "Black resigns"]
[WhiteElo "1962"]
[BlackElo "2001"]
[Opening "Ruy Lopez: Berlin defense, open variation"]
[ECO "C67"]
[NIC "RL.07"]
[Time "18:36:51"]
[TimeControl "3600+10"]

1. e4 e5 2. Nf3 Nc6 3. Bb5 Nf6 4. O-O Nxe4 5. Re1 Nd6 6. Nxe5 Be7 7. Nxc6
dxc6 8. Bf1 O-O 9. d4 Bf6 10. Bf4 Be6 11. c3 Re8 12. Nd2 Qd7 13. Qf3 Bd5 14.
Qg3 Nf5 15. Qh3 Be6 16. Bd3 g6 17. Ne4 Bg7 18. Nc5 Qc8 19. Nxe6 fxe6 20. Bc4
Kh8 21. Re2 Nd6 22. Bxe6 Qd8 23. Rae1 Qf6 24. Be5 Qf8 25. f4 Re7 26. Bxd6
cxd6 27. f5 g5 28. Qg3 Qf6 29. Qxd6 Rae8 30. g4 Bf8 31. Qg3 a6 32. Re5 Bg7
33. R5e3 Bf8 34. a4 Bg7 35. b4 Rd8 36. Qh3 b5 37. Bg8 {Black resigns} 1-0

[Event "ICC tourney 1955 (60 10)"]
[Site "Internet Chess Club"]
[Date "2020.08.08"]
[Round "6"]
[White "Baseballchamp"]
[Black "dswang"]
[Result "1-0"]
[ICCResult "Black resigns"]
[WhiteElo "2078"]
[BlackElo "1795"]
[Opening "Sicilian: Alapin's variation (2.c3)"]
[ECO "B22"]
[NIC "SI.46"]
[Time "18:36:57"]
[TimeControl "3600+10"]

1. e4 c5 2. c3 d5 3. exd5 Qxd5 4. d4 Nf6 5. Nf3 Bg4 6. Be2 e6 7. h3 Bh5 8.
c4 Qd8 9. Nc3 Nc6 10. d5 exd5 11. cxd5 Nd4 12. Nxd4 cxd4 13. Bb5+ Nd7 14.
Qxd4 a6 15. O-O Qf6 16. Qa4 Rd8 17. Re1+ Be7 18. Bxd7+ Rxd7 19. Ne4 Qe5 20.
d6 b5 21. Qxa6 O-O 22. dxe7 Rxe7 23. Bg5 Re6 24. Qa3 Qd5 25. Qc5 Qd3 26. Ng3
Rxe1+ 27. Rxe1 Bg6 28. Rc1 h6 29. Qxf8+ Kh7 30. Rc8 Be4 31. Bf6 Qd1+ 32. Kh2
Qh1+ 33. Nxh1 Kg6 34. Qxg7+ {Black resigns} 1-0

[Event "ICC tourney 1955 (60 10)"]
[Site "Internet Chess Club"]
[Date "2020.08.08"]
[Round "6"]
[White "WR3311"]
[Black "Blue-Elephant1"]
[Result "1/2-1/2"]
[ICCResult "Game drawn by mutual agreement"]
[WhiteElo "1868"]
[BlackElo "2088"]
[Opening "Sicilian: Kan, Maróczy bind (Réti variation)"]
[ECO "B41"]
[NIC "SI.41"]
[Time "18:37:52"]
[TimeControl "3600+10"]

1. e4 c5 2. Nf3 e6 3. d4 cxd4 4. Nxd4 a6 5. c4 Nf6 6. Bd3 Qc7 7. O-O g6 8.
Nc3 Bg7 9. Be3 O-O 10. f3 d6 11. Rc1 b6 12. b3 Bb7 13. Qd2 Nc6 14. Nxc6 Bxc6
15. Nd5 Bxd5 16. cxd5 Qd7 17. dxe6 fxe6 18. Bxb6 d5 19. e5 Qb7 20. Qe3 Nd7
21. Bd4 a5 22. f4 Rfc8 23. Qe2 Qb4 24. Be3 Bf8 25. Ba6 Rxc1 26. Rxc1 Bc5 27.
Bd3 Qa3 28. Rc2 a4 29. Bb5 axb3 30. axb3 Qxb3 31. Bxc5 Nxc5 32. g3 Ne4 33.
Bd3 Qb6+ 34. Kg2 Ra4 35. Bxe4 Rxe4 36. Qf2 Qa6 37. Qc5 Re2+ 38. Rxe2 Qxe2+
39. Kg1 Qd1+ 40. Kg2 Qe2+ 41. Kg1 Qe1+ 42. Kg2 Qd2+ 43. Kg1
{Game drawn by mutual agreement}
1/2-1/2

[Event "ICC tourney 1955 (60 10)"]
[Site "Internet Chess Club"]
[Date "2020.08.08"]
[Round "6"]
[White "alkanet"]
[Black "caracal"]
[Result "1-0"]
[ICCResult "Black resigns"]
[WhiteElo "2173"]
[BlackElo "1971"]
[Opening "French: Steinitz variation"]
[ECO "C11"]
[NIC "FR.04"]
[Time "18:36:56"]
[TimeControl "3600+10"]

1. e4 e6 2. d4 d5 3. Nc3 Nf6 4. e5 Nfd7 5. f4 c5 6. Be3 cxd4 7. Bxd4 Nc6 8.
Bf2 f6 9. exf6 Nxf6 10. Nf3 Bd6 11. g3 O-O 12. Bh3 Qa5 13. O-O e5 14. Bxc8
Raxc8 15. fxe5 Nxe5 16. Bd4 Nxf3+ 17. Rxf3 Bc5 18. Kg2 Rfe8 19. Bxf6 gxf6
20. Nxd5 Be7 21. Re3 Rxc2+ 22. Qxc2 Qxd5+ 23. Qe4 Qxe4+ 24. Rxe4 Kf7 25.
Rae1 Kf8 26. Kf3 Kf7 27. Re6 h5 28. Kf4 Bd6+ 29. Kf5 Rxe6 30. Rxe6 Be5 31.
Rxe5 fxe5 32. Kxe5 Kg6 33. h4 Kg7 34. Kf5 Kh6 35. Kf6 Kh7 36. Kg5
{Black resigns}
1-0

[Event "ICC tourney 1955 (60 10)"]
[Site "Internet Chess Club"]
[Date "2020.08.08"]
[Round "6"]
[White "AJ2000"]
[Black "tanker2"]
[Result "0-1"]
[ICCResult "White resigns"]
[WhiteElo "1701"]
[BlackElo "1869"]
[Opening "French: Tarrasch, closed variation"]
[ECO "C05"]
[NIC "FR.16"]
[Time "18:37:13"]
[TimeControl "3600+10"]

1. e4 e6 2. d4 d5 3. Nd2 Nf6 4. e5 Nfd7 5. f4 c5 6. Ngf3 Nc6 7. c3 cxd4 8.
cxd4 f6 9. Nb3 Qb6 10. Bd3 Bb4+ 11. Bd2 a5 12. O-O Bxd2 13. Qxd2 a4 14. Nc1
Nxd4 15. Nxd4 Qxd4+ 16. Kh1 fxe5 17. fxe5 Qxe5 18. Qf2 Rf8 19. Qh4 Rxf1+ 20.
Bxf1 Qxb2 21. Qxh7 Qxa1 22. Qg6+ Ke7 23. Qg5+ Qf6 24. Qxf6+ Kxf6 {White
resigns} 0-1

[Event "ICC tourney 1955 (60 10)"]
[Site "Internet Chess Club"]
[Date "2020.08.08"]
[Round "6"]
[White "OctopusYule"]
[Black "albli"]
[Result "1-0"]
[ICCResult "Black resigns"]
[WhiteElo "1847"]
[BlackElo "1752"]
[Opening "Sicilian: Kan, Maróczy bind (Réti variation)"]
[ECO "B41"]
[NIC "SI.41"]
[Time "18:37:52"]
[TimeControl "3600+10"]

1. e4 c5 2. Nf3 e6 3. d4 cxd4 4. Nxd4 a6 5. c4 Qc7 6. Nc3 Nf6 7. Bd3 d6 8.
O-O Nbd7 9. Be3 Be7 10. Rc1 O-O 11. f4 b6 12. f5 e5 13. Nd5 Nxd5 14. cxd5
Qb7 15. Nc6 Bf6 16. g4 Nc5 17. g5 Nxd3 18. Qxd3 Bd8 19. Qe2 Bd7 20. Qh5 Rc8
21. g6 fxg6 22. fxg6 Rxf1+ 23. Rxf1 hxg6 24. Qxg6 Bxc6 25. dxc6 Qe7 26. Rf5
Rxc6 27. Rh5 Qf7 28. Rh8+ {Black resigns} 1-0

[Event "ICC tourney 1955 (60 10)"]
[Site "Internet Chess Club"]
[Date "2020.08.08"]
[Round "6"]
[White "skywise"]
[Black "Boldmann"]
[Result "1/2-1/2"]
[ICCResult "Game drawn by repetition"]
[WhiteElo "1727"]
[BlackElo "1852"]
[Opening "QGD: Albin counter-gambit"]
[ECO "D08"]
[NIC "QG.02"]
[Time "18:37:10"]
[TimeControl "3600+10"]

1. d4 d5 2. c4 e5 3. dxe5 d4 4. Nf3 Nc6 5. a3 Be6 6. e3 dxe3 7. Qxd8+ Rxd8
8. Bxe3 Nge7 9. Nc3 Nf5 10. Bd2 Ncd4 11. Nxd4 Nxd4 12. O-O-O Nb3+ 13. Kc2
Nd4+ 14. Kc1 Nb3+ 15. Kc2 Nd4+ 16. Kc1 {Game drawn by repetition} 1/2-1/2

[Event "ICC tourney 1955 (60 10)"]
[Site "Internet Chess Club"]
[Date "2020.08.08"]
[Round "6"]
[White "MATEPROOF"]
[Black "JunlinTheWorld"]
[Result "1-0"]
[ICCResult "Black checkmated"]
[WhiteElo "2177"]
[BlackElo "1717"]
[Opening "English: symmetrical, main line with d4"]
[ECO "A39"]
[NIC "EO.26"]
[Time "18:37:32"]
[TimeControl "3600+10"]

1. Nf3 Nf6 2. c4 c5 3. Nc3 g6 4. g3 Bg7 5. Bg2 Nc6 6. O-O O-O 7. d4 cxd4 8.
Nxd4 Nxd4 9. Qxd4 d6 10. Qh4 a6 11. Bh6 Qc7 12. Bxg7 Kxg7 13. Rac1 Be6 14.
b3 Rac8 15. h3 Qa5 16. Bxb7 g5 17. Qd4 Bxh3 18. Bxc8 Bxf1 19. Bg4 e5 20. Qe3
e4 21. Qd4 Kg6 22. Kxf1 Nxg4 23. Qxd6+ Kg7 24. Qd4+ Qe5 25. Qxe5+ Nxe5 26.
Nxe4 h6 27. Rd1 Nc6 28. Rd6 Rc8 29. g4 a5 30. Ng3 Ne7 31. Ra6 Rc5 32. e4 Re5
33. Nf5+ Nxf5 34. exf5 Kh7 35. f3 Kg7 36. Rd6 a4 37. Kf2 h5 38. gxh5 Rxf5
39. Kg3 f6 40. Ra6 axb3 41. axb3 Rc5 42. h6+ Kxh6 43. Rxf6+ Kg7 44. Rb6 Kf7
45. Kg4 Ke7 46. Rb5 Rc6 47. Kxg5 Rf6 48. f4 Rc6 49. f5 Kd6 50. f6 Ke6 51.
Kg6 Rc7 52. Rb6+ Kd7 53. f7 Ke7 54. Kg7 Rc8 55. Rb7+ Ke6 56. f8=Q Rxf8 57.
Kxf8 Kd6 58. Rb5 Kc6 59. b4 Kc7 60. c5 Kc6 61. Rb6+ Kc7 62. b5 Kc8 63. c6
Kc7 64. Rb7+ Kc8 65. b6 Kd8 66. Rb8# {Black checkmated} 1-0

[Event "ICC tourney 1955 (60 10)"]
[Site "Internet Chess Club"]
[Date "2020.08.08"]
[Round "6"]
[White "hunqapillar"]
[Black "rabbitAAAA"]
[Result "1-0"]
[ICCResult "Black resigns"]
[WhiteElo "1883"]
[BlackElo "1789"]
[Opening "English opening"]
[ECO "A20"]
[NIC "EO.24"]
[Time "18:37:52"]
[TimeControl "3600+10"]

1. c4 e5 2. g3 d6 3. Bg2 f5 4. e3 Nf6 5. Ne2 Be7 6. Nbc3 c6 7. O-O Be6 8. d3
O-O 9. b3 Nbd7 10. f4 Qa5 11. a3 Rfd8 12. b4 Qc7 13. h3 a5 14. b5 Nc5 15.
bxc6 bxc6 16. Na4 d5 17. Nxc5 Bxc5 18. fxe5 Ne8 19. d4 dxc4 20. Qc2 Be7 21.
Nf4 Qd7 22. Nxe6 Qxe6 23. Qxf5 Qxf5 24. Rxf5 g6 25. Rf1 Rac8 26. Bd2 a4 27.
Rfb1 c5 28. d5 Rb8 29. d6 Bg5 30. Kf2 Ng7 31. Bd5+ Kh8 32. Bc3 Rb3 33. Rc1
Nf5 34. Bxc4 Rbb8 35. e6+ Ng7 36. Be5 Rf8+ 37. Ke2 Rf5 38. Bf4 Bxf4 39. gxf4
Rf6 40. Rab1 Rxb1 41. Rxb1 Nxe6 42. Rb8+ Rf8 43. Rxf8+ Nxf8 44. e4 Kg7 45.
e5 Nd7 46. e6 Nb6 47. d7 Nxc4 48. d8=Q Nd2 {Black resigns} 1-0

[Event "ICC tourney 1955 (60 10)"]
[Site "Internet Chess Club"]
[Date "2020.08.08"]
[Round "6"]
[White "playtowin2020"]
[Black "RockroyalChess"]
[Result "0-1"]
[ICCResult "White checkmated"]
[WhiteElo "1930"]
[BlackElo "1758"]
[Opening "Scotch gambit: Dubois-Réti defense"]
[ECO "C55"]
[NIC "KP.02"]
[Time "18:37:32"]
[TimeControl "3600+10"]

1. e4 e5 2. Nf3 Nc6 3. d4 exd4 4. Bc4 Nf6 5. e5 d5 6. Bb5 Ne4 7. Nxd4 Bd7 8.
Bxc6 bxc6 9. O-O Be7 10. Nd2 Nc5 11. N2b3 O-O 12. Be3 Ne6 13. f4 f5 14. c3
g6 15. Qd2 a5 16. Nc1 c5 17. Nxe6 Bxe6 18. Qf2 c4 19. Bc5 Rb8 20. b3 cxb3
21. axb3 Rb5 22. Ba3 c5 23. Rd1 Qc7 24. Qe2 Rbb8 25. c4 d4 26. Qd2 a4 27.
bxa4 Bxc4 28. Qc2 Bd5 29. Rxd4 cxd4 30. Qxc7 Bxa3 31. Rxa3 Rfc8 32. Qd6
Rxc1+ 33. Kf2 Rb2+ 34. Kg3 Rxg2+ 35. Kh3 Be4 36. Qe6+ Kg7 37. Ra2 Rc3+ 38.
Kh4 Rg4# {White checkmated} 0-1

[Event "ICC tourney 1955 (60 10)"]
[Site "Internet Chess Club"]
[Date "2020.08.08"]
[Round "6"]
[White "oregonchessguy"]
[Black "mikoyansuren"]
[Result "1/2-1/2"]
[ICCResult "Game drawn by mutual agreement"]
[WhiteElo "1820"]
[BlackElo "1807"]
[Opening "Sicilian: Anderssen variation"]
[ECO "B41"]
[NIC "SI.41"]
[Time "18:37:32"]
[TimeControl "3600+10"]

1. e4 c5 2. Nf3 e6 3. d4 cxd4 4. Nxd4 Nf6 5. Bd3 Nc6 6. Nxc6 bxc6 7. O-O Bc5
8. Nc3 O-O 9. a3 d5 10. e5 Nd7 11. h3 Nxe5 12. Bxh7+ Kxh7 13. Qh5+ Kg8 14.
Qxe5 Qd6 15. Qxd6 Bxd6 16. Bd2 e5 17. Rac1 a5 18. a4 Bf5 19. Ne2 Rfb8 20. b3
Ba3 21. Ra1 Bb4 22. Bxb4 Rxb4 23. Rac1 Rc8 24. f4 e4 25. c3 Rb6 26. c4 Bd7
27. cxd5 cxd5 28. Nd4 {Game drawn by mutual agreement} 1/2-1/2

[Event "ICC tourney 1955 (60 10)"]
[Site "Internet Chess Club"]
[Date "2020.08.08"]
[Round "6"]
[White "zappower"]
[Black "rtahmass"]
[Result "1-0"]
[ICCResult "Black checkmated"]
[WhiteElo "1466"]
[BlackElo "2108"]
[Opening "KGD: classical variation"]
[ECO "C30"]
[NIC "KG.05"]
[Time "18:37:49"]
[TimeControl "3600+10"]

1. e4 e5 2. f4 Bc5 3. Nf3 d6 4. Nc3 Nc6 5. Bc4 Nf6 6. d3 Bg4 7. h3 Bxf3 8.
Qxf3 Nd4 9. Qd1 c6 10. Na4 Nd7 11. Nxc5 Qh4+ 12. Kf1 Nxc5 13. c3 Nde6 14. b4
Nd7 15. f5 Nf4 16. Qf3 Nh5 17. Kg1 Ng3 18. Rh2 Nf6 19. Be3 O-O 20. Bf2 Nfh5
21. Qg4 Qxg4 22. hxg4 Ne2+ 23. Kf1 Nhf4 24. g3 Nxc3 25. gxf4 exf4 26. Rc1
Na4 27. Bb3 Nb6 28. Ke2 Nd7 29. g5 Rfe8 30. Rch1 Nf8 31. g6 hxg6 32. Rh8#
{Black checkmated}
1-0

[Event "ICC tourney 1955 (60 10)"]
[Site "Internet Chess Club"]
[Date "2020.08.08"]
[Round "6"]
[White "chessmate09520"]
[Black "movingkid"]
[Result "0-1"]
[ICCResult "White resigns"]
[WhiteElo "2040"]
[BlackElo "1801"]
[Opening "Sicilian defense"]
[ECO "B20"]
[NIC "SI.48"]
[Time "18:37:32"]
[TimeControl "3600+10"]

1. e4 c5 2. Be2 d6 3. f4 Nf6 4. d3 g6 5. Nf3 Bg7 6. O-O O-O 7. c3 Nc6 8. Kh1
Bd7 9. Be3 Rc8 10. Nbd2 Ng4 11. Bg1 e5 12. f5 gxf5 13. exf5 Nh6 14. Ne4 Bxf5
15. Qe1 Bg6 16. Qg3 Nf5 17. Qh3 h6 18. g4 Nfe7 19. Nh4 Nd5 20. Nf5 Nf4 21.
Nxh6+ Bxh6 22. Qxh6 d5 23. Ng3 Nxe2 24. Nxe2 d4 25. Rf3 e4 26. Rh3 Qf6 27.
Nf4 Qg7 28. Nxg6 fxg6 29. dxe4 Qxh6 30. Rxh6 Kg7 31. Rh3 Rf4 32. cxd4 cxd4
33. Re1 Re8 34. Rb3 b6 35. Rc1 Re6 36. h3 Rfxe4 37. Rf3 Kh6 38. a3 Kg5 39.
b4 Ne5 40. Rf8 d3 41. Rd1 Rd6 42. Kg2 d2 43. Bh2 Rd3 44. Bg3 Nc4 45. Rh8
Ne3+ 46. Kf3 Nxd1+ 47. Kxe4 Rxg3 48. Rd8 Nc3+ 49. Ke5 Re3+ {White resigns}
0-1

[Event "ICC tourney 1955 (60 10)"]
[Site "Internet Chess Club"]
[Date "2020.08.08"]
[Round "6"]
[White "tongchen"]
[Black "MysteryHunter"]
[Result "1-0"]
[ICCResult "Black resigns"]
[WhiteElo "1982"]
[BlackElo "1675"]
[Opening "Sicilian: Najdorf"]
[ECO "B90"]
[NIC "SI.14"]
[Time "18:37:15"]
[TimeControl "3600+10"]

1. e4 c5 2. Nf3 d6 3. d4 cxd4 4. Nxd4 Nf6 5. Nc3 a6 6. f3 e5 7. Nb3 Be6 8.
Be3 Nbd7 9. Qd2 h5 10. h4 Be7 11. Be2 Rc8 12. O-O-O b5 13. Rdg1 g6 14. Kb1
Nb6 15. Nd1 Qc7 16. Nf2 Bc4 17. Bd3 Nfd7 18. g4 d5 19. gxh5 Rxh5 20. Bg5 Nc5
21. f4 Bxd3 22. cxd3 Nxb3 23. axb3 f6 24. Bxf6 Bxf6 25. Rxg6 Qf7 26. Rhg1
Rxh4 27. fxe5 Bxe5 28. Rxb6 Bd4 29. Rbg6 Qxf2 30. Rg8+ Kd7 31. Qxf2 Bxf2 32.
R1g7+ Ke6 33. Rxc8 dxe4 34. dxe4 Rxe4 35. Re8+ Kd5 36. Rxe4 Kxe4 37. Kc2 Kd5
38. Rg8 Kc6 39. Kd3 Kb6 40. Rg6+ Kb7 41. Ke4 Bb6 42. Kd5 a5 43. Rg7+ Ka6 44.
Kc6 b4 45. Rg8 Ka7 46. Kb5 Bd4 47. Rg2 Kb7 48. Kxa5 Bc5 49. Kb5 Bd6 50. Rg7+
Bc7 51. Kxb4 Kb6 52. Rxc7 Kxc7 53. Kc5 Kb7 54. b4 Kc7 55. b5 Kb7 56. b4 Kc7
57. b6+ Kb7 58. Kb5 Kb8 59. Ka6 Ka8 60. b7+ Kb8 61. b5 Kc7 62. Ka7 Kd6 63.
b8=Q+ {Black resigns} 1-0

[Event "ICC tourney 1955 (60 10)"]
[Site "Internet Chess Club"]
[Date "2020.08.08"]
[Round "6"]
[White "mangolamb"]
[Black "adelie"]
[Result "1-0"]
[ICCResult "Black resigns"]
[WhiteElo "2146"]
[BlackElo "1923"]
[Opening "Pirc: Sveshnikov system"]
[ECO "B07"]
[NIC "PU.07"]
[Time "18:37:44"]
[TimeControl "3600+10"]

1. e4 d6 2. d4 Nf6 3. Nc3 g6 4. g3 Bg7 5. Bg2 O-O 6. Nge2 e5 7. h3 Nc6 8.
Be3 exd4 9. Nxd4 Nxd4 10. Bxd4 Re8 11. O-O Bd7 12. f4 Bc6 13. Qd3 b5 14.
Rae1 b4 15. Nd1 Qd7 16. Rf2 d5 17. Bxf6 Bxf6 18. e5 Be7 19. Rd2 Bc5+ 20. Kh2
Rad8 21. Nf2 Bb5 22. Qf3 c6 23. Ng4 Be7 24. f5 h5 25. Nh6+ Kg7 26. Nxf7 Qxf5
27. Nxd8 Bxd8 28. Qxf5 gxf5 29. Bf3 Bg5 30. Rdd1 Kg6 31. Be2 Bxe2 32. Rxe2
f4 33. Rf1 Kf5 34. Ref2 Bh6 35. gxf4 h4 36. Kh1 Rf8 37. Rg2 Bxf4 38. Rxf4+
{Black resigns}
1-0

[Event "ICC tourney 1955 (60 10)"]
[Site "Internet Chess Club"]
[Date "2020.08.08"]
[Round "6"]
[White "minitotoro"]
[Black "jairam09"]
[Result "0-1"]
[ICCResult "White resigns"]
[WhiteElo "1591"]
[BlackElo "1868"]
[Opening "Queen's Indian: old main line, 7.Nc3"]
[ECO "E18"]
[NIC "QI.09"]
[Time "18:37:07"]
[TimeControl "3600+10"]

1. d4 Nf6 2. Nf3 e6 3. g3 b6 4. Bg2 Bb7 5. O-O Be7 6. c4 O-O 7. Nc3 d5 8.
Ne5 Nbd7 9. f4 c5 10. e3 cxd4 11. exd4 Qc7 12. Nb5 Qc8 13. cxd5 Bxd5 14.
Bxd5 Nxd5 15. Bd2 Nxe5 16. fxe5 Qd7 17. Nc3 Rad8 18. Qg4 Nb4 19. Ne2 Kh8 20.
Bc3 Nc2 21. Nf4 Ne3 22. Qh3 Nxf1 23. Rxf1 b5 24. Nh5 b4 25. Qg4 g6 26. Nf6
Bxf6 27. exf6 bxc3 28. bxc3 Qd5 29. Qf4 Rb8 30. Qh6 Rg8 31. g4 Rb2 32. Qh3
Rgb8 33. Rf3 Qxa2 {White resigns} 0-1

[Event "ICC tourney 1955 (60 10)"]
[Site "Internet Chess Club"]
[Date "2020.08.08"]
[Round "6"]
[White "Goran21"]
[Black "alecchung3"]
[Result "0-1"]
[ICCResult "White resigns"]
[WhiteElo "2068"]
[BlackElo "1928"]
[Opening "Sicilian: Najdorf, Lipnitzky attack"]
[ECO "B86"]
[NIC "SI.13"]
[Time "18:37:07"]
[TimeControl "3600+10"]

1. e4 c5 2. Nf3 d6 3. d4 cxd4 4. Nxd4 Nf6 5. Nc3 a6 6. Bc4 e6 7. Bb3 Be7 8.
f4 b5 9. f5 e5 10. Nf3 b4 11. Nd5 Nxe4 12. Be3 O-O 13. Nb6 Bxf5 14. Nxa8 Nd7
15. O-O Bg6 16. Bd5 Nef6 17. Bc6 Be4 18. Bxe4 Nxe4 19. a3 bxa3 20. Rxa3 Qxa8
21. Qe2 Qb7 22. Rxa6 Qxb2 23. Ra7 Nef6 24. Kh1 h6 25. Nh4 Rc8 26. Nf5 Bf8
27. Nxh6+ gxh6 28. Rxd7 Nxd7 29. Qg4+ Kh8 30. Qxd7 Qxc2 31. Qxf7 Bg7 32. Qe6
Qc4 33. Qf7 Qxf7 34. Rxf7 d5 35. Re7 d4 36. Bg1 Rc1 37. g4 d3 38. Rd7 e4 39.
Kg2 Rc2+ 40. Kf1 Bc3 41. Be3 Rxh2 42. Bf4 Rh1+ 43. Kf2 Rh3 44. Kg2 Rh4 45.
Kf2 Rxg4 46. Bxh6 Rh4 47. Bg5 Rh2+ 48. Kg3 Re2 49. Kf4 Bd2+ 50. Kf5 Bxg5 51.
Kxg5 Rf2 52. Kg6 Kg8 53. Rd8+ Rf8 54. Rd7 Ra8 55. Kf5 Re8 56. Kg6 Re6+ 57.
Kf5 Re8 58. Kg6 Re6+ 59. Kf5 e3 60. Kxe6 e2 61. Rd8+ Kg7 62. Rd7+ Kg6 63.
Rxd3 e1=Q+ 64. Kd5 Qb4 65. Rd4 Qb3+ 66. Ke4 Kf6 67. Rd6+ Ke7 68. Rd5 Ke6 69.
Re5+ Kd6 70. Rf5 Qc2+ 71. Kf4 Ke6 72. Re5+ Kf6 73. Re4 Qf2+ 74. Kg4 Qf5+
{White resigns}
0-1

[Event "ICC tourney 1955 (60 10)"]
[Site "Internet Chess Club"]
[Date "2020.08.08"]
[Round "6"]
[White "tigertiger2019"]
[Black "aauman"]
[Result "1-0"]
[ICCResult "Black resigns"]
[WhiteElo "1696"]
[BlackElo "1586"]
[Opening "Caro-Kann: exchange, Rubinstein variation"]
[ECO "B13"]
[NIC "CK.02"]
[Time "18:36:49"]
[TimeControl "3600+10"]

1. e4 c6 2. d4 d5 3. exd5 cxd5 4. Bd3 Nc6 5. c3 Nf6 6. Bf4 g6 7. h3 Qb6 8.
Qc2 Bg7 9. Nd2 O-O 10. Ngf3 Bf5 11. Bxf5 gxf5 12. g4 e6 13. Rg1 Rfe8 14. Ne5
Nxe5 15. Bxe5 Qd8 16. gxf5 exf5 17. Qxf5 Kh8 18. O-O-O Rg8 19. Rg2 Qb6 20.
Rdg1 Qe6 21. Qxe6 fxe6 22. Rxg7 Rgf8 23. Rg8+ Rxg8 24. Bxf6+ {Black resigns}
1-0

[Event "ICC tourney 1955 (60 10)"]
[Site "Internet Chess Club"]
[Date "2020.08.08"]
[Round "6"]
[White "mydogeatschess"]
[Black "whyyoutrysohard"]
[Result "1-0"]
[ICCResult "Black resigns"]
[WhiteElo "1891"]
[BlackElo "1606"]
[Opening "Sicilian: Canal-Sokolsky (Nimzovich-Rossolimo, Moscow) attack"]
[ECO "B51"]
[NIC "SI.01"]
[Time "18:37:52"]
[TimeControl "3600+10"]

1. e4 c5 2. Nf3 d6 3. Bb5+ Nd7 4. c3 a6 5. Ba4 Nf6 6. Qe2 b5 7. Bc2 Qb6 8.
d4 g6 9. O-O Bg7 10. e5 dxe5 11. dxe5 Nd5 12. e6 Qxe6 13. Qxe6 fxe6 14. Re1
O-O 15. Rxe6 Rxf3 16. gxf3 Ne5 17. Rxe5 Bxe5 18. a4 bxa4 19. Rxa4 Bd7 20.
Bb3 e6 21. Ra5 Bd6 22. Be3 Nxe3 23. fxe3 Kf7 24. Nd2 Bc6 25. Bc4 Bb7 26. Ne4
{Black resigns}
1-0